 Dungeon Crawl Stone Soup version 0.24-a0-487-g57318f2ed0 (webtiles) character file.

Game seed: 17281333259441658713

336 Mithandil the Conjurer (level 6, 0/32 HPs)
             Began as a Deep Elf Conjurer on July 10, 2019.
             Killed by divine providence
             ... invoked by an orc priest
              (13 damage)
             ... on level 4 of the Dungeon.
             The game lasted 00:22:38 (3216 turns).

Mithandil the Conjurer (Deep Elf Conjurer)          Turns: 3216, Time: 00:22:38

Health: 0/32       AC:  6    Str:  7    XL:     6   Next: 28%
Magic:  9/25       EV: 13    Int: 20    God:
Gold:   110        SH:  0    Dex: 15    Spells: 2/16 levels left

rFire    . . .     SeeInvis .   a - +0 dagger
rCold    . . .     Gourm    .   (no shield)
rNeg     . . .     Faith    .   v - +0 leather armour
rPois    .         Spirit   .   (no helmet)
rElec    .         Reflect  .   (no cloak)
rCorr    .         Harm     .   (no gloves)
MR       .....                  (no boots)
Stlth    ++........             (no amulet)
HPRegen  0.10/turn              k - +3 ring of protection
MPRegen  0.19/turn              n - ring of magical power

@: no status effects
A: no striking features
a: no special abilities


You were on level 4 of the Dungeon.
You were hungry.

You visited 1 branch of the dungeon, and saw 4 of its levels.

You collected 110 gold pieces.

Inventory:

Hand Weapons
 a - a +0 dagger (weapon)
 b - a +0 short sword
 r - a +2 dagger of speed
 t - a +0 quarterstaff
Missiles
 d - 34 arrows
 m - 51 stones (quivered)
Armour
 e - a +0 ring mail
 v - a +0 leather armour (worn)
Jewellery
 k - a +3 ring of protection (left hand)
 n - a ring of magical power (right hand)
 s - an uncursed ring of protection from cold {unknown}
Scrolls
 h - a scroll of immolation {unknown}
 i - a scroll of magic mapping {unknown}
 j - a scroll of enchant weapon {unknown}
 l - a scroll of noise {unknown}
 o - a scroll of teleportation
 q - a scroll of random uselessness {unknown}
Potions
 f - a potion of mutation {unknown}
 g - a potion of might {unknown}
 p - a potion of heal wounds {unknown}
 u - 3 potions of degeneration {unknown}
 w - a potion of ambrosia {unknown}
Comestibles
 c - 4 rations


   Skills:
 + Level 3.8 Dodging
 + Level 4.1 Stealth
 * Level 5.6 Spellcasting
 * Level 5.9 Conjurations
 + Level 1.1 Translocations


You had 2 spell levels left.
You knew the following spells:

 Your Spells              Type           Power        Failure   Level  Hunger
a - Magic Dart            Conj           ####         1%          1    None
b - Searing Ray           Conj           ####..       2%          2    None
c - Force Lance           Conj/Tloc      ###.....     36%         4    ####...
d - Iskenderun's Mystic   Conj           ####....     14%         4    ####...
s - Dazzling Spray        Conj/Hex       ###...       14%         3    ##.....

Your spell library contained the following spells:

 Spells                   Type           Power        Failure   Level  Hunger
 Fulminant Prism          Conj/Hex       ###.......   43%         4    ####...


Dungeon Overview and Level Annotations

Branches:
Dungeon (4/15)
 Temple: D:4-7

Altars:
Dithmenos
Ru

Annotations:
D:2 Natasha, Sigmund
D:3 2 transporters, PgLoLo's ghost, amateur MiFi


Message History

The orc priest is severely wounded.
The orc priest hits you.
Casting: Magic Dart (safe; 1% risk of failure)
Confirm with . or Enter, or press ? or * to list all spells.
Aiming: Magic Dart (safe; 1% risk of failure)
Press: ? - help, Shift-Dir - straight line, f/p - orc priest
Aim: an orc priest, wearing a +0 leather armour (severely wounded)
The magic dart hits the orc priest but does no damage.
The orc priest is severely wounded.
The orc priest casts a cantrip, but nothing happens.
Casting: Magic Dart (safe; 1% risk of failure)
Confirm with . or Enter, or press ? or * to list all spells.
Aiming: Magic Dart (safe; 1% risk of failure)
Press: ? - help, Shift-Dir - straight line, f/p - orc priest
Aim: an orc priest, wearing a +0 leather armour (severely wounded)
The magic dart hits the orc priest.
The orc priest is almost dead.
The orc priest mumbles some strange prayers to Beogh against you.
Beogh smites you!
You die...

................#
................#
..##.##.........#
..#..##...†.###
.##.######....#####
.#..# #..#.....##
.#.## #.######..##
...# #.# ###..#
...### #.#
#@...#### .....#
#.# #ao.#.......
.#.#...# ..#
#)###.....#.
##.###... #.
#.....# ##...# .. .
###.....# .....# #
.. .o......# ......
.. #.....# ###...#
... #....<# .# .#..
##.####


You could see a worker ant and an orc priest.

Vanquished Creatures
  A scorpion (D:4)
  An orc wizard (D:2)
  2 iguanas
  Natasha (D:2)
  Terence (D:2)
  A hound skeleton (D:3)
  6 adders
  An ooze (D:1)
  3 worms
  A dart slug (D:1)
  2 leopard geckos
  6 orcs
  3 ball pythons
  11 bats
  3 giant cockroaches
  9 goblins
  5 hobgoblins
  3 jackals (D:3)
  7 kobolds
  11 rats
78 creatures vanquished.

Vanquished Creatures (others)
  6 plants (D:3)
6 creatures vanquished.

Grand Total: 84 creatures vanquished

Notes
Turn   | Place    | Note
-------+----------+-------------------------------------------
     0 | D:1      | Mithandil the Deep Elf Conjurer began the quest for the
                  | Orb.
     0 | D:1      | Reached XP level 1. HP: 10/10 MP: 6/6
   157 | D:1      | Reached XP level 2. HP: 15/15 MP: 1/8
   161 | D:1      | Learned a level 2 spell: Searing Ray
   780 | D:2      | Reached XP level 3. HP: 19/19 MP: 3/10
  1018 | D:2      | Noticed Terence
  1028 | D:2      | Killed Terence
  1028 | D:2      | Reached skill level 5 in Conjurations
  1047 | D:2      | Reached XP level 4. HP: 17/24 MP: 12/12
  1053 | D:2      | Learned a level 4 spell: Force Lance
  1058 | D:2      | Learned a level 4 spell: Iskenderun's Mystic Blast
  1314 | D:2      | Found a sacrificial altar of Ru.
  1323 | D:2      | Noticed Natasha
  1351 | D:2      | Killed Natasha
  1351 | D:2      | Reached XP level 5. HP: 28/28 MP: 12/14
  1542 | D:2      | Noticed Sigmund
  1611 | D:2      | Noticed Natasha
  1815 | D:3      | Found a shadowy altar of Dithmenos.
  1848 | D:3      | Reached skill level 5 in Spellcasting
  2168 | D:3      | Identified the +1 scale mail "Nibian" {rF+ rC++ rCorr
                  | Str-5}
  2251 | D:3      | Found a transporter.
  2259 | D:3      | Found a transporter.
  2283 | D:3      | Noticed PgLoLo's ghost (amateur MiFi)
  2952 | D:3      | Noticed a black bear
  3124 | D:4      | Reached XP level 6. HP: 25/32 MP: 15/16
  3129 | D:4      | Learned a level 3 spell: Dazzling Spray
  3186 | D:4      | Reached skill level 1 in Translocations
  3216 | D:4      | Killed from afar by an orc priest

Levels and vault maps discovered:
D:1:      kilobyte_arrival_exit_the_forest, layout_basic,
          chequers_serial_rivers_small_3
D:2:      layout_basic, nicolae_ru_great_annihilating_truth, grunt_ministairs_8,
          uniq_terence, uniq_natasha, uniq_sigmund
D:3:      layout_basic, nicolae_overflow_hidden_temple, first_ration,
          gammafunk_ghost_gnarly_gnolls
D:4:      layout_rooms, hangedman_decor_diamond_cutter, minmay_crystal_room,
          minmay_misc_feat_secret_circle, uniq_crazy_yiuf_cottage

Skill      XL: |  1  2  3  4  5  6 |
---------------+-------------------+-----
Stealth        | 3 4 |  4.1
Dodging        | 3 |  3.8
Spellcasting   | 4 5 |  5.6
Conjurations   | 5 |  5.9
Translocations | 1 |  1.1

Action                   |  1- 3 |  4- 6 || total
-------------------------+-------+-------++-------
 Cast: Magic Dart        |    61 |   145 ||   206
  Use: Scroll            |     2 |     2 ||     4
  Eat: Chunk             |       |     6 ||     6
Armor: Robe              |     4 |     5 ||     9
       Leather armour    |       |     2 ||     2
Dodge: Dodged            |     9 |    27 ||    36

Table legend:
 A = Non-vault XP
 B = Vault XP
 C = Vault XP percentage of total XP
 D = Non-vault monster count
 E = Vault monster count
 F = Vault count percentage of total count
                 A         B        C        D         E       F
            +---------+---------+-------+---------+---------+-------
      Total |     367 |     113 |  23.5 |      71 |       7 |   9.0
            +---------+---------+-------+---------+---------+-------
        D:1 |      35 |       0 |   0.0 |      15 |       0 |   0.0
        D:2 |      81 |     113 |  58.2 |      18 |       7 |  28.0
        D:3 |     129 |       0 |   0.0 |      31 |       0 |   0.0
        D:4 |     122 |       0 |   0.0 |       7 |       0 |   0.0
            +---------+---------+-------+---------+---------+-------
